 Dungeon Crawl Stone Soup version 0.24.0-37-gcf1ca852f1 (webtiles) character file.

Game seed: 1766766611862353039, levelgen mode: deterministic

135 Curus the Chopper (level 4, -2/39 HPs)
             Began as a Minotaur Fighter on Dec 7, 2019.
             Killed from afar by Natasha (9 damage)
             ... with a magic dart
             ... on level 2 of the Dungeon.
             The game lasted 00:05:04 (1099 turns).

Curus the Chopper (Minotaur Fighter)                Turns: 1099, Time: 00:05:04

Health: -2/39      AC: 11    Str: 20    XL:     4   Next: 96%
Magic:  3/3        EV:  3    Int:  6    God:
Gold:   53         SH:  9    Dex: 10    Spells: 3/3 levels left

rFire    . . .     SeeInvis .   a - +0 war axe
rCold    . . .     Gourm    .   c - +0 shield
rNeg     . . .     Faith    .   e - +0 plate armour (curse)
rPois    .         Spirit   .   (helmet restricted)
rElec    .         Reflect  .   (no cloak)
rCorr    .         Harm     .   (no gloves)
MR       .....                  (no boots)
Stlth    ..........             (no amulet)
HPRegen  0.13/turn              (no ring)
MPRegen  0.08/turn              (no ring)

@: slowed, very slow
A: retaliatory headbutt, horns 2
a: no special abilities


You were on level 2 of the Dungeon.
You were not hungry.

You visited 1 branch of the dungeon, and saw 2 of its levels.

You collected 53 gold pieces.

Inventory:

Hand Weapons
 a - a +0 war axe (weapon)
Armour
 b - a +0 scale mail
 c - a +0 shield (worn)
 e - a cursed +0 plate armour (worn)
Scrolls
 h - 4 scrolls of teleportation
Potions
 d - a potion of might
 g - a potion of ambrosia
Comestibles
 f - a ration
 i - a chunk of flesh


   Skills:
 - Level 3.6 Fighting
 + Level 6.3 Axes
 - Level 3.6 Armour
 - Level 3.6 Shields


You had 3 spell levels left.
You didn't know any spells.
Your spell library was empty.

Dungeon Overview and Level Annotations

Branches:
Dungeon (2/15)

Altars:

Annotations:
D:2 Natasha


Innate Abilities, Weirdness & Mutations

You reflexively headbutt those who attack you in melee.
You have a pair of horns on your head.


Message History

Natasha claws you but does no damage.
Your plate armour prevents you from hitting Natasha.
Natasha is lightly wounded.
Natasha claws you. You block Natasha's attack.
Your plate armour prevents you from hitting Natasha.
Your headbutt misses Natasha.
Natasha is lightly wounded.
Natasha claws you.
* * * LOW HITPOINT WARNING * * *
Natasha claws you.
* * * LOW HITPOINT WARNING * * *
Your shield and plate armour prevent you from hitting Natasha.
You headbutt Natasha.
Natasha is heavily wounded.
Natasha claws you but does no damage. Natasha barely misses you.
You closely miss Natasha.
Natasha is heavily wounded.
Natasha stares at you and mumbles some strange words.
The magic dart hits you!
You die...

............#.......#
............##.####.#
.........)..##.# #.#
.............#.# #.#
...........รท.#.####.#
....####+#.....##...#
....##.........##.#.#
....##....#....##.#####
..........'..#5h@.....#
..........####.#.####(#
..........# #>#.# #.#
..........######.# #.#
......^......# #.# #.#
####....######### ###
#...............
#.......#...#...
+...............


You could see Natasha and a white imp.

Vanquished Creatures
  Natasha (D:2)
  A worker ant (D:2)
  3 adders (D:2)
  An ooze (D:1)
  2 worms (D:2)
  3 dart slugs
  2 leopard geckos (D:1)
  4 bats (D:1)
  3 goblins
  11 hobgoblins
  4 kobolds
  2 ball pythons
  A frilled lizard (D:1)
  7 rats
45 creatures vanquished.

Notes
Turn   | Place    | Note
-------+----------+-------------------------------------------
     0 | D:1      | Curus the Minotaur Fighter began the quest for the Orb.
     0 | D:1      | Reached XP level 1. HP: 19/19 MP: 0/0
   122 | D:1      | Reached skill level 3 in Axes
   151 | D:1      | Reached XP level 2. HP: 26/26 MP: 1/1
   278 | D:1      | Reached skill level 4 in Axes
   410 | D:1      | Reached XP level 3. HP: 31/31 MP: 2/2
   825 | D:2      | Reached skill level 5 in Axes
   866 | D:2      | Reached XP level 4. HP: 37/39 MP: 3/3
   952 | D:2      | Noticed Natasha
   957 | D:2      | Killed Natasha
   957 | D:2      | Reached skill level 6 in Axes
  1085 | D:2      | Noticed Natasha
  1099 | D:2      | Killed from afar by Natasha

Levels and vault maps discovered:
D:1:      saegor_arrival_simple_e, layout_basic
D:2:      layout_basic, lemuel_coloured_pillars_altar, uniq_natasha

Skill      XL: |  1  2  3  4 |
---------------+-------------+-----
Axes           | 3 4 5 6 |  6.3
Fighting       | |  3.6
Armour         | |  3.6
Shields        | |  3.6

Action                   |  1- 3 |  4- 6 || total
-------------------------+-------+-------++-------
Melee: War axe           |    95 |    24 ||   119
       Headbutt          |    15 |     3 ||    18
  Use: Scroll            |     3 |     2 ||     5
       Potion            |     2 |       ||     2
  Eat: Chunk             |       |     1 ||     1
Armor: Plate armour      |    50 |    10 ||    60
Dodge: Dodged            |    13 |     4 ||    17
Block: Shield            |    52 |    11 ||    63
